 Dungeon Crawl Stone Soup version 0.26-a0-651-gb41185065b (webtiles) character file.

Game seed: 8193749933393027833

(classic levelgen) 14 EnegeticOcto the Shield-Bearer (level 2, 21/27 HPs)
             Began as a Deep Dwarf Fighter on Oct 9, 2020.
             Quit the game on level 2 of the Dungeon.
             The game lasted 00:00:17 (286 turns).

EnegeticOcto the Shield-Bearer (Deep Dwarf Fighter)  Turns: 286, Time: 00:00:17

Health: 21/27      AC:  6    Str: 19    XL:     2   Next: 31%
Magic:  2/2        EV:  7    Int:  8    God:
Gold:   49         SH:  9    Dex: 12    Spells: 1/1 levels left

rFire    . . .     SeeInvis .   a - +0 war axe
rCold    . . .     Faith    .   c - +0 kite shield
rNeg     . . .     Spirit   .   b - +0 scale mail
rPois    .         Reflect  .   (no helmet)
rElec    .         Harm     .   (no cloak)
rCorr    .         Rampage  .   (no gloves)
MR       .....                  (no boots)
Stlth    ..........             (no amulet)
HPRegen  0.00/turn              (no ring)
MPRegen  0.08/turn              (no ring)

@: non-regenerating
A: damage resistance, heal wounds, sense surroundings 1, no regeneration
a: Heal Wounds


You were on level 2 of the Dungeon.
You visited 1 branch of the dungeon, and saw 3 of its levels.

You collected 49 gold pieces.

Inventory:

Hand Weapons
 a - a +0 war axe (weapon)
Armour
 b - a +0 scale mail (worn)
 c - a +0 kite shield (worn)
Scrolls
 e - a scroll of fog {unknown}
 f - a scroll of teleportation {unknown}
Potions
 d - a potion of might {@q3}
 g - 2 potions of heal wounds {unknown}
 h - a potion of curing {unknown}


   Skills:
 + Level 2.8 Fighting
 * Level 2.7 Axes
 + Level 3.4 Armour
 + Level 3.4 Shields


You had one spell level left.
You didn't know any spells.
Your spell library was empty.

Dungeon Overview and Level Annotations

Branches:
Dungeon (3/15)

Altars:
Vehumet
Xom


Innate Abilities, Weirdness & Mutations

You are resistant to damage.
You can heal yourself by infusing magical energy.
You passively map a small area around you.
You do not regenerate.


Message History

A frilled lizard is nearby!
A frilled lizard is nearby!
A frilled lizard is nearby!
A frilled lizard is nearby!
A frilled lizard is nearby!
A frilled lizard is nearby!
A frilled lizard is nearby!
You barely miss the frilled lizard.
The frilled lizard bites you but does no damage.
You closely miss the frilled lizard. The frilled lizard barely misses you.
You block the frilled lizard's attack.
You closely miss the frilled lizard.
The frilled lizard bites you but does no damage.
You slash the frilled lizard!
You kill the frilled lizard!
No target in view!
No target in view!
No target in view!
No target in view!
No target in view!
No target in view!
No target in view!
No target in view!
No target in view!
Found an escape hatch in the floor.
You see here a giant cockroach corpse.
A ball python comes into view.
The ball python hisses angrily.
A ball python is nearby!
A ball python is nearby!
A ball python is nearby!
You barely miss the ball python.
The ball python bites you but does no damage.
You block the ball python's attack.
The ball python bites you but does no damage.
The ball python grabs you. The ball python constricts you.
You barely miss the ball python. You block the ball python's attack.
The ball python constricts you.
You hit the ball python.
The ball python is heavily wounded.
The ball python bites you but does no damage.
The ball python constricts you. The ball python barely misses you.
The ball python constricts you.
You closely miss the ball python.
The ball python is heavily wounded.
The ball python bites you. The ball python constricts you.
You block the ball python's attack. The ball python constricts you.
You closely miss the ball python.
The ball python is heavily wounded.
The ball python bites you but does no damage.
The ball python constricts you.
You closely miss the ball python.
The ball python is heavily wounded.
The ball python bites you but does no damage.
The ball python constricts you.
The ball python bites you but does no damage.
The ball python constricts you.
You slash the ball python!
You kill the ball python!
No target in view!
No target in view!
No target in view!
No target in view!
No target in view!
No target in view!
No target in view!
No target in view!
No target in view!
You see here a ball python corpse.
Found a radiant altar of Vehumet.
No target in view!
No target in view!
No target in view!
No target in view!
No target in view!
You now have 49 gold pieces (gained 10).
A bat comes into view.
The bat hits you but does no damage.
A bat is nearby!
A bat is nearby!
A bat is nearby!
A bat is nearby!
A bat is nearby!
A bat is nearby!
A bat is nearby!
A bat is nearby!
A bat is nearby!
A bat is nearby!
A bat is nearby!
A bat is nearby!
A bat is nearby!
A bat is nearby!
A bat is nearby!
A bat is nearby!
You block the bat's attack. You block the bat's attack.
You closely miss the bat. You block the bat's attack.
The bat closely misses you. The bat hits you but does no damage.
You block the bat's attack.
Are you sure you want to abandon this character and quit the game? (Confirm with "yes".)

* * , , *
* * * * *
*, , , ,
***
*#######.#
#...@b..#
#.#######
* ** * #.#
, , * #.#
, * #.#
#.# * #.#
* * #.#
#.#


You could see a bat.

Vanquished Creatures
  A ball python (D:2)
  2 giant cockroaches (D:2)
  2 hobgoblins
  3 jackals (D:2)
  2 kobolds (D:1)
  2 frilled lizards
12 creatures vanquished.

Notes
Turn   | Place    | Note
-------+----------+-------------------------------------------
     0 | D:1      | EnegeticOcto the Deep Dwarf Fighter began the quest for the
                  | Orb.
     0 | D:1      | Reached XP level 1. HP: 20/20 MP: 1/1
   186 | D:2      | Found a shimmering altar of Xom.
   193 | D:2      | Reached XP level 2. HP: 21/27 MP: 2/2
   203 | D:2      | You fall into a shaft and drop 1 floor!
   259 | D:2      | Found a radiant altar of Vehumet.
   286 | D:2      | Quit the game

Illustrated notes

Levels and vault maps discovered:
D:1:      nicolae_arrival_washed_ashore, layout_basic
D:2:      layout_basic, lemuel_round_altar, vehumet_crystals, lemuel_round_altar
D:3:      layout_loops_corners, portal_sewer_entry_b, minmay_cupped, uniq_ijyb,
          uniq_robin

Action                   || total
-------------------------++-------
Melee: War axe           ||    38
Armor: Scale mail        ||    26
Dodge: Dodged            ||     9
Block: Kite shield       ||    16

Table legend: (Time is in decaauts)
 A = Elapsed time spent in this place.
 B = Non-inter-level travel time spent in this place.
 C = Inter-level travel time spent in this place.
 D = Time resting spent in this place.
 E = Time spent auto-exploring this place.
 F = Levels seen in this place.
 G = Mean time per level.
                   A        B        C        D        E       F      G
               +--------+--------+--------+--------+--------+-----+--------+
         Total |    303 |    280 |     23 |      0 |    182 |   3 |  101.0 |
       Dungeon |    303 |    280 |     23 |      0 |    182 |   3 |  101.0 |
               +--------+--------+--------+--------+--------+-----+--------+

Top non-repeatable levels by time:
     D:1: 168 daAuts
     D:2: 110 daAuts
     D:3: 24 daAuts
